 Dungeon Crawl Stone Soup version 0.28.0-47-ge53b351184 (console) character file.

Game seed: 10731805889889494137

26035 Banquo the Thaumaturge (level 13, -8/94 HPs)
             Began as a Djinni Hedge Wizard on May 9, 2022.
             Was a Priest of Fedhas.
             Mangled by a spectral orc knight
             ... wielding a +1 battleaxe
             ... summoned by Nergalle
              (11 damage)
             ... on level 3 of the Lair of Beasts on May 10, 2022.
             The game lasted 01:52:57 (16118 turns).

Banquo the Thaumaturge (Djinni Hedge Wizard)       Turns: 16118, Time: 01:52:59

Health: -8/94      AC:  6    Str:  9    XL:     13   Next: 55%
Gold:   1493       EV: 15    Int: 20    God:    Fedhas [***...] SH:  5 Dex: 14

rFire   + + +      SeeInvis .   a - +3 dagger (holy)
rCold   . . .      Faith    .   i - +0 buckler
rNeg    + . .      Spirit   .   d - +1 robe "Pew Cak" {rN+ Regen+ MP+9}
rPois   ∞          Reflect  .   h - +2 helmet
rElec   .          Harm     .   e - scarf {rC+ rF+}
rCorr   +          Rampage  .   (no gloves)
Will    +....                   (boots unavailable)
Stlth   ++........              (no amulet)
HPRegen 1.05/turn               J - ring of resist corrosion
MPRegen 0.00/turn               (no ring)

@: flying
A: sickness immunity, fire resistance 2, cold vulnerability 1, float, innate
caster, HP casting, extra vitality 1
a: Renounce Religion, Wall of Briars, Grow Ballistomycete


You were on level 3 of the Lair of Beasts.
You worshipped Fedhas.
Fedhas was most pleased with you.
You visited 3 branches of the dungeon, and saw 14 of its levels.
You also visited: Bailey.

You collected 1493 gold pieces.

Inventory:

Hand Weapons
 a - a +3 dagger of holy wrath (weapon)
 b - a +0 dagger of venom
 c - a +4 spear
 s - a +0 rapier
 u - a +3 scimitar of freezing
 S - a +0 trident of venom
Missiles
 f - 27 boomerangs
 k - 27 poisoned darts
 P - a throwing net
Armour
 d - the +1 robe "Pew Cak" (worn) {rN+ Regen+ MP+9}
   (You found it on level 5 of the Dungeon)

   rN:        It protects you from negative energy.
   MP:        It affects your magic capacity (+9).
   Regen:     It increases your rate of health regeneration.
 e - a scarf of resistance (worn)
 h - a +2 helmet (worn)
 i - a +0 buckler (worn)
Magical Staves
 N - a staff of fire
Jewellery
 C - a ring of fire
 J - a ring of resist corrosion (left hand)
Wands
 q - a wand of iceblast (43)
 x - a wand of flame (45)
 D - a wand of digging (8)
 E - a wand of acid (17)
Scrolls
 g - a scroll of enchant armour
 r - 2 scrolls of identify
 y - 2 scrolls of blinking
 H - 2 scrolls of teleportation
Potions
 l - 4 potions of might
 w - 5 potions of curing
 B - a potion of haste
 G - 7 potions of ambrosia
 I - 2 potions of berserk rage
 R - 2 potions of brilliance
Miscellaneous
 K - a box of beasts


   Skills:
 * Level 9.3 Fighting
 - Level 8.0 Dodging
 - Level 1.5 Stealth
 - Level 4.0 Shields
 + Level 13.7 Spellcasting
 * Level 5.4 Invocations


You had 10 spell levels left.
You knew the following spells:

 Your Spells              Type           Power      Damage    Failure   Level
a - Magic Dart            Conj           100%       1d8       1%          1
b - Ensorcelled Hibernat  Hex/Ice        100%       N/A       1%          2
c - Mephitic Cloud        Conj/Pois/Air  62%        N/A       1%          3
f - Conjure Flame         Conj/Fire      62%        6-21      1%          3
g - Ignite Poison         Fire/Tmut/Pois 62%        N/A       1%          3
i - Call Imp              Summ           62%        N/A       1%          2
m - Metabolic Englaciati  Hex/Ice        31%        N/A       1%          5
r - Searing Ray           Conj           100%       2d8       1%          2
s - Slow                  Hex            100%       N/A       1%          1
z - Foxfire               Conj/Fire      100%       2x1d9     1%          1
B - Blink                 Tloc           100%       N/A       1%          2
F - Cause Fear            Hex            31%        N/A       1%          4
Your spell library was empty.

Dungeon Overview and Level Annotations

Branches:
Dungeon (10/15)            Temple (1/1) D:6            Lair (3/6) D:8
 Bailey (visited)
  Swamp: Lair:2-4    Shoals: Lair:2-4     Snake: Lair:2-4    Spider: Lair:2-4
    Orc: D:9-12

Altars:
Ashenzari
Cheibriados
Dithmenos
Elyvilon
Fedhas
Gozag
Hepliaklqana
Kikubaaqudgha
Makhleb
Nemelex Xobeh
Okawaru
Qazlal
Ru
Sif Muna
Trog
Uskayaw
Vehumet
Wu Jian
Xom
Yredelemnul
Zin
The Shining One
Beogh

Annotations:
D:5 3 runed translucent doors, ang3lsp1der's ghost, novice DjFE
D:7 3 runed translucent doors, Harold; crawlogic's ghost, novice HOBe
Lair:3 Nergalle


Innate Abilities, Weirdness & Mutations

You are immune to sickness and miasma.
You are immune to poison.
Your flesh is very heat resistant. (rF++)
You are vulnerable to cold. (rC-)
You float through the air rather than walking.
You learn spells naturally, not from books.
Your magical power is your life essence.
You have superior vitality. (+4 MHP)


Message History

Orcish apparitions take form around you.
The spectral orc warlord is engulfed in blazing flames.
The spectral orc warlord hits you.
The searing ray hits Nergalle!
Nergalle is heavily wounded.
You finish channelling your searing ray.
The spectral orc warrior closely misses you.
The spectral orc knight is engulfed in blazing flames.
The spectral orc knight hits you with a +0 battleaxe.
The spectral orc warlord is engulfed in blazing flames.
The spectral orc warlord misses you.
Nergalle is engulfed in blazing flames.
Nergalle grimaces horribly.
Nergalle points at you and mumbles some strange words.
Orcish apparitions take form around you.
The spectral orc warlord is engulfed in blazing flames.
The spectral orc knight is engulfed in blazing flames.
Nergalle is engulfed in blazing flames.
The spectral orc knight is engulfed in blazing flames. x2
You block the spectral orc warrior's attack.
The spectral orc warlord barely misses you.
Nergalle barely misses you.
The spectral orc knight hits you with a +0 long sword!
* * * LOW HITPOINT WARNING * * *
The spectral orc warrior closely misses you.
Casting: Searing Ray (safe; 1% risk of failure)
Confirm with . or Enter, or press ? or * to list all spells.
Casting: Cause Fear (safe; 1% risk of failure)
Press: ? - help, Dir - look around, f - activate The spectral orc knight is unaffected.
The spectral orc warrior is unaffected.
The spectral orc warlord is unaffected.
The spectral orc knight is unaffected. x3
The spectral orc warrior is unaffected.
Nergalle looks frightened!
* * * LOW HITPOINT WARNING * * *
The spectral orc knight is engulfed in blazing flames.
The spectral orc warlord misses you.
The spectral orc knight hits you with a +0 long sword!
* * * LOW HITPOINT WARNING * * *
You block the spectral orc warrior's attack.
The spectral orc knight hits you with a +1 battleaxe!
You die...
Fedhas appreciates your contribution to the ecosystem.

...#. .. ...... ...... .
###....... ###..# ###.........
#...)# ##....................
##...######..○..................
#....##.##..○...................
####.......†..°Zo....>...........
#.##.........°Z†ZZ...............
.†P....####...ZZ@................
##...P## ##...Z.................
###### ##....................
##.........##........
##.......###........
########.##........ ###..<......
#P........ ##........


You could see Nergalle (fleeing), 2 spectral orc warriors, 4 spectral orc
knights and a spectral orc warlord (summoned, fast).

Vanquished Creatures
  A hydra (Lair:3)
  6 death yaks
  Pikel (D:7)
  2 orc knights (Bailey)
  4 elephants
  Joseph (D:7)
  3 centaur zombies
  5 cane toads
  4 black mambas
  A rime drake (Lair:2)
  A kobold demonologist (D:10)
  A queen bee (Lair:1)
  14 blink frogs
  A hornet (D:10)
  Grinder (D:6)
  A wraith (D:10)
  4 wyverns
  24 yaks
  2 acid dragons
  9 water moccasins
  Duvessa (D:7)
  6 orc warriors
  An ice beast (D:5)
  A black bear (D:8)
  A sky beast (D:6)
  A necrophage (D:7)
  9 wolves
  5 ogres
  7 centaurs
  A phantom (D:6)
  3 lemures
  2 kobold brigands
  A gnoll sergeant (D:8)
  9 bullfrogs
  A scorpion (D:5)
  A wyvern zombie (D:7)
  A water moccasin skeleton (D:5)
  Dowan (D:7)
  29 killer bees
  12 wights
  3 howler monkeys
  5 orc priests
  2 jellies
  Crazy Yiuf (D:7)
  A centaur skeleton (D:7)
  Jessica (D:2)
  7 iguanas
  Natasha (thrice) (D:2)
  A bullfrog skeleton (D:5)
  8 orc wizards
  A killer bee zombie (D:7)
  A hound zombie (D:5)
  A hound skeleton (D:4)
  Robin (D:2)
  A howler monkey zombie (D:6)
  10 adders
  10 gnolls
  A white imp (D:6)
  An ufetubus (D:6)
  2 worms
  26 orcs
  4 endoplasms
  2 giant cockroaches
  19 goblins
  11 hobgoblins
  2 jackals (D:5)
  2 quokkas (D:3)
  4 ball pythons
  7 bats
  2 frilled lizards
  33 kobolds
  9 rats
361 creatures vanquished.

Vanquished Creatures (collateral kills)
  A bullfrog skeleton (D:7)
  An endoplasm (D:1)
  2 ball pythons (D:1)
  A kobold (D:1)
5 creatures vanquished.

Vanquished Creatures (others)
  3 oklob plants (Lair:3)
  A black mamba (Lair:3)
  847 foxfires
  15 fungi
  17 plants
883 creatures vanquished.

Grand Total: 1249 creatures vanquished

Notes
Turn   | Place    | Note
-------+----------+-------------------------------------------
     0 | D:1      | Banquo the Djinni Hedge Wizard began the quest for the Orb.
     0 | D:1      | Reached XP level 1. HP: 15/15 MP: 0/0
   248 | D:1      | Found a faded altar of an unknown god.
   390 | D:1      | Reached XP level 2. HP: 18/21 MP: 0/0
   873 | D:1      | Reached XP level 3. HP: 21/26 MP: 0/0
   873 | D:1      | Learned a level 1 spell: Foxfire
   938 | D:1      | Reached skill level 3 in Spellcasting
  1149 | D:2      | Noticed Jessica
  1469 | D:2      | Reached skill level 1 in Fighting
  1670 | D:2      | Killed Jessica
  1671 | D:2      | Reached XP level 4. HP: 20/32 MP: 0/0
  1839 | D:2      | Noticed Natasha
  1852 | D:2      | Killed Natasha
  1853 | D:2      | Reached XP level 5. HP: 31/37 MP: 0/0
  1853 | D:2      | Learned a level 2 spell: Ensorcelled Hibernation
  1957 | D:2      | Noticed Natasha
  2052 | D:2      | Killed Natasha
  2143 | D:2      | Noticed Natasha
  2183 | D:2      | Noticed Robin
  2188 | D:2      | Killed Robin
  2191 | D:2      | Killed Natasha
  2192 | D:2      | Reached skill level 4 in Spellcasting
  2721 | D:3      | Reached XP level 6. HP: 39/43 MP: 0/0
  3874 | D:4      | Noticed an ogre
  4127 | D:4      | Killed an ogre
  4227 | D:4      | Reached XP level 7. HP: 45/49 MP: 0/0
  4227 | D:4      | Learned a level 2 spell: Searing Ray
  4537 | D:4      | Found a hazy altar of Hepliaklqana.
  4798 | D:4      | Reached skill level 5 in Spellcasting
  5096 | D:4      | Found an ornate altar of the Wu Jian Council.
  5380 | D:5      | Entered Level 5 of the Dungeon
  5440 | D:5      | Identified the +1 robe "Pew Cak" {rN+ Regen+ MP+9}
  5634 | D:5      | Reached XP level 8. HP: 55/56 MP: 0/0
  5788 | D:5      | Reached skill level 6 in Spellcasting
  5791 | D:5      | Found a runed translucent gate.
  5792 | D:5      | Found a runed translucent gate.
  5793 | D:5      | Found a runed translucent gate.
  5793 | D:5      | Identified the +5 short sword of the Messenger {flame,
                  | Will+ Int+3}
  5793 | D:5      | Identified the +1 scale mail of Hysteria {Regen+ rCorr
                  | Str-4 Slay+2}
  5793 | D:5      | Noticed ang3lsp1der's ghost (novice DjFE)
  6552 | D:6      | Reached skill level 5 in Dodging
  6596 | D:6      | Reached skill level 7 in Spellcasting
  6596 | D:6      | Reached XP level 9. HP: 57/62 MP: 0/0
  6596 | D:6      | Learned a level 3 spell: Ignite Poison
  6599 | D:6      | Noticed Grinder
  6608 | D:6      | Killed Grinder
  6692 | D:6      | Found a sparkling altar of Nemelex Xobeh.
  6819 | D:6      | Found a staircase to the Ecumenical Temple.
  6830 | Temple   | Entered the Ecumenical Temple
  7591 | D:7      | Noticed Duvessa
  7593 | D:7      | Noticed Joseph
  7603 | D:7      | Killed Duvessa
  7604 | D:7      | Reached skill level 8 in Spellcasting
  7605 | D:7      | Noticed Dowan
  7639 | D:7      | Reached skill level 5 in Fighting
  7663 | D:7      | Killed Joseph
  7752 | D:7      | Killed Dowan
  7762 | D:7      | Reached XP level 10. HP: 68/70 MP: 0/0
  7876 | D:7      | Found a runed translucent gate.
  7876 | D:7      | Found a runed translucent gate.
  7876 | D:7      | Found a runed translucent gate.
  7931 | D:7      | Noticed Harold
  8108 | D:7      | Reached skill level 9 in Spellcasting
  8191 | D:7      | Noticed crawlogic's ghost (novice HOBe)
  8348 | D:7      | Noticed Pikel
  8434 | D:7      | Killed Pikel
  8722 | D:7      | Found a runed translucent door.
  8723 | D:7      | Noticed Crazy Yiuf
  8730 | D:7      | Killed Crazy Yiuf
  9265 | D:8      | Reached skill level 1 in Shields
  9342 | D:8      | Found a staircase to the Lair.
  9623 | D:8      | Found a bloodstained altar of Trog.
  9710 | D:8      | Reached skill level 10 in Spellcasting
  9710 | D:8      | Reached XP level 11. HP: 74/78 MP: 0/0
  9710 | D:8      | Learned a level 4 spell: Cause Fear
 10122 | D:9      | Found an iron altar of Okawaru.
 10247 | D:9      | Found a white marble altar of Elyvilon.
 10593 | D:10     | Entered Level 10 of the Dungeon
 10829 | D:10     | Found a flagged portal.
 10838 | Bailey   | Entered a bailey
 10858 | Bailey   | Noticed an orc knight
 10927 | Bailey   | Noticed an orc knight
 10939 | Bailey   | Killed an orc knight
 11195 | Bailey   | Killed an orc knight
 11257 | Bailey   | Reached skill level 11 in Spellcasting
 11504 | D:10     | Found a sacrificial altar of Ru.
 11862 | D:10     | Found a blossoming altar of Fedhas.
 11870 | D:10     | Became a worshipper of Fedhas Madash
 12009 | Lair:1   | Entered Level 1 of the Lair of Beasts
 12100 | D:8      | Reached skill level 1 in Invocations
 12318 | D:8      | Found a staircase to the Lair.
 12554 | D:8      | Found a bloodstained altar of Trog.
 13025 | D:8      | Reached XP level 12. HP: 51/85 MP: 0/0
 13240 | D:8      | Reached * piety under Fedhas
 13324 | Lair:1   | Reached skill level 12 in Spellcasting
 14026 | Lair:1   | Reached ** piety under Fedhas
 14834 | Lair:2   | Noticed a death yak
 14858 | Lair:2   | Noticed a death yak
 14863 | Lair:2   | Noticed a death yak
 14864 | Lair:2   | Noticed a death yak
 14868 | Lair:2   | Noticed a death yak
 14868 | Lair:2   | Killed a death yak
 14869 | Lair:2   | Reached XP level 13. HP: 61/93 MP: 0/0
 14869 | Lair:2   | Learned a level 5 spell: Metabolic Englaciation
 14995 | Lair:1   | Reached skill level 13 in Spellcasting
 15588 | Lair:3   | Noticed a four-headed hydra
 15684 | Lair:3   | Reached *** piety under Fedhas
 15741 | Lair:3   | Reached skill level 5 in Invocations
 16067 | Lair:3   | Killed a four-headed hydra
 16091 | Lair:3   | Noticed Nergalle
 16118 | Lair:3   | HP: 3/94 [spectral orc knight/+0 long sword[Nergalle] (15)]
 16118 | Lair:3   | Mangled by a spectral orc knight

Illustrated notes

Levels and vault maps discovered:
D:1:      lightli_arrival_statuegarden, layout_rooms,
          shapermc_ecumenical_altar_venn
D:2:      layout_loops_ring, chequers_serial_rivers_micro_a, uniq_jessica,
          uniq_robin, uniq_natasha
D:3:      layout_basic, minmay_bisected
D:4:      layout_gridville, mainiacjoe_overflow_six_doors_small,
          kennysheep_mini_moat, serial_rivers, chequers_serial_rivers_marsh,
          chequers_serial_rivers_micro_a, chequers_serial_rivers_room_b,
          chequers_serial_rivers_micro_c, chequers_serial_rivers_micro_b
D:5:      layout_basic, biasface_ghost_orc_armoury, kennysheep_generic_room_6
D:6:      layout_gridville, nemelex_xobeh_ov_fountains_minmay,
          minmay_temple_entry_waves, serial_glass, glass_columns_a,
          glass_columns_a, grunt_ministairs_10, uniq_grinder
D:7:      layout_cave_pools, gammafunk_ghost_necromancy, centaur_isle,
          uniq_pikel, uniq_joseph, uniq_duvessa, uniq_harold,
          uniq_crazy_yiuf_cottage
D:8:      minmay_angry_zag, layout_loops_cross, amcnicky_altar_gilded,
          lair_entry_dummy, kennysheep_small_spiral, minmay_microvault
D:9:      layout_rooms, nicolae_elyvilon_temple_path, okawaru_metal_pillars_1_2
D:10:     layout_loops_ring, chequers_temple_overflow_statue_of_worship,
          enter_bailey_5, minmay_statues_item
Temple:   dpeg_chambers_temple
Lair:1:   layout_gridlike, special_room [special_room_bee], grunt_megastairs_4
Lair:2:   layout_concentric_octagons
Lair:3:   minmay_lair_oklob_chamber, layout_gridlike, uniq_nergalle

Skill      XL: |  1  2  3  4  5  6  7  8  9 10 11 12 13 |
---------------+----------------------------------------+-----
Spellcasting   | 3 4 5 7 8 10 11 12 13 | 13.7
Fighting       | 1 2 3 4 5 6 7 8 9 |  9.3
Dodging        | 3 4 5 6 7 8 |  8.0
Shields        | 1 4 |  4.0
Invocations    | 1 4 5 |  5.4
Stealth        | |  1.5

Action                   |  1- 3 |  4- 6 |  7- 9 | 10-12 | 13-15 || total
-------------------------+-------+-------+-------+-------+-------++-------
Melee: Dagger            |     1 |     2 |     2 |    20 |       ||    25
 Cast: Magic Dart        |    63 |     8 |     8 |    44 |    17 ||   140
       Call Imp          |     2 |       |     3 |     2 |       ||     7
       Foxfire           |     3 |    90 |   206 |   203 |     7 ||   509
       Mephitic Cloud    |     1 |       |     7 |    79 |    39 ||   126
       Searing Ray       |       |       |    18 |   104 |    32 ||   154
       Conjure Flame     |       |       |     3 |    19 |     2 ||    24
       Ignite Poison     |       |       |     3 |    52 |    21 ||    76
       Blink             |       |       |       |     7 |       ||     7
       Cause Fear        |       |       |       |     3 |     8 ||    11
       Ensorcelled Hiber |       |       |       |     1 |       ||     1
       Metabolic Englaci |       |       |       |       |    13 ||    13
Invok: Wall of Briars    |       |       |       |       |     1 ||     1
  Use: Scroll            |       |    10 |     5 |     3 |     1 ||    19
 Stab: Confused          |       |       |       |     2 |       ||     2
Armor: Robe              |     3 |     1 |    10 |    43 |    10 ||    67
       Animal skin       |       |     1 |     1 |       |       ||     2
Dodge: Dodged            |     5 |     1 |    22 |   166 |    40 ||   234
Block: Buckler           |       |       |       |    55 |    11 ||    66
